 Dungeon Crawl Stone Soup version 0.22-a0-185-ge330310 (webtiles) character file.

128 varam the Conjurer (level 4, 0/24 HPs)
             Began as a Deep Elf Conjurer on Feb 15, 2018.
             Slain by an orc wizard
             ... wielding a +1 dagger of electrocution
              (19 damage)
             ... on level 4 of the Dungeon.
             The game lasted 00:09:37 (2171 turns).

varam the Conjurer (Deep Elf Conjurer)              Turns: 2171, Time: 00:09:38

Health: 0/24       AC:  2    Str:  6    XL:     4   Next: 86%
Magic:  7/10       EV: 13    Int: 20    God:
Gold:   164        SH:  0    Dex: 15    Spells: 3/9 levels left

rFire    . . .     SeeInvis .   s - +2 flail (venom)
rCold    . . .     Gourm    .   (no shield)
rNeg     . . .     Faith    .   a - +0 robe
rPois    .         Spirit   .   (no helmet)
rElec    .         Reflect  .   (no cloak)
rCorr    .         Harm     .   (no gloves)
MR       +....                  (no boots)
Stlth    ++........             k - amulet of rage
HPRegen  0.08/turn              g - ring of protection from magic
MPRegen  0.12/turn              (no ring)

@: no status effects
A: no striking features
a: Evoke Berserk Rage


You were on level 4 of the Dungeon.
You were not hungry.

You visited 1 branch of the dungeon, and saw 4 of its levels.

You collected 164 gold pieces.

Inventory:

Hand Weapons
 e - a +0 hunting sling
 s - a +2 flail of venom (weapon)
Missiles
 o - a throwing net (quivered)
Armour
 a - a +0 robe (worn)
Magical Staves
 q - an uncursed staff of summoning
Jewellery
 f - an uncursed ring of protection from cold {unknown}
 g - a ring of protection from magic (left hand)
 i - an uncursed ring of resist corrosion
 k - an amulet of rage (around neck)
Scrolls
 h - a scroll of amnesia
 m - a scroll of magic mapping
 r - a scroll of enchant weapon
 t - a scroll of random uselessness {unknown}
Potions
 j - 2 potions of resistance {unknown}
 l - a potion of heal wounds {unknown}
 p - a potion of ambrosia {unknown}
Books
 b - a book of Conjurations

   Spells                             Type                      Level
   a - Magic Dart                     Conjuration                  1
   b - Searing Ray                    Conjuration                  2
   c - Dazzling Spray                 Conjuration/Hexes            3
   d - Fulminant Prism                Conjuration/Hexes            4
   e - Force Lance                    Conjuration/Translocation    4
   f - Iskenderun's Mystic Blast      Conjuration                  4
Comestibles
 c - 5 rations
 d - 4 chunks of flesh


   Skills:
 - Level 2.4 Dodging
 - Level 2.4 Stealth
 - Level 3.0 Spellcasting
 + Level 6.9 Conjurations


You had 3 spell levels left.
You knew the following spells:

 Your Spells              Type           Power        Failure   Level  Hunger
a - Magic Dart            Conj           ####         1%          1    None
b - Searing Ray           Conj           ####..       1%          2    ##.....
c - Dazzling Spray        Conj/Hex       ###...       11%         3    ###....


Dungeon Overview and Level Annotations

Branches:
Dungeon (4/15)
 Temple: D:4-7

Altars:
Cheibriados
Kikubaaqudgha
Wu Jian

Annotations:
D:3 rlgrobin's ghost, amateur OgBe


Message History

You can't see any susceptible monsters within range! (Use Z to cast anyway.)
Casting: Magic Dart (safe; 1% risk of failure)
Confirm with . or Enter, or press ? or * to list all spells.
Aiming: Dazzling Spray (safe; 11% risk of failure)
Press: ? - help, Shift-Dir - straight line, f - orc
Aim: an orc, wielding a dagger and wearing a ring mail The spray of energy hits the orc.
The orc is severely wounded.
The orc is dazzled.
The orc closely misses you.
You thump the orc!
You kill the orc!
Casting: Dazzling Spray (safe; 11% risk of failure)
Confirm with . or Enter, or press ? or * to list all spells.
You can't see any susceptible monsters within range! (Use Z to cast anyway.) Unknown command.
You closely miss something. Something hits you.
You are electrocuted!
Ouch! That really hurt!
You die...

#'# #.##.#.## #.#
#.##.#..## ######o##
#.##.<...# #.......#
#.####..## #.###...##
#.####..# #.##.....#
#......<# #.......##
#######.#
#..#.#..###########.#
............{@.......#
.#.......#############
#########


There were no monsters in sight!

Vanquished Creatures
  3 adders
  3 gnolls (D:3)
  An ooze (D:3)
  A worm (D:3)
  3 dart slugs
  A leopard gecko (D:2)
  3 orcs
  A ball python (D:3)
  A giant cockroach (D:1)
  9 hobgoblins
  6 kobolds
  4 bats
  2 frilled lizards
  9 goblins
  9 rats
56 creatures vanquished.

Vanquished Creatures (others)
  4 toadstools (D:1)
4 creatures vanquished.

Grand Total: 60 creatures vanquished

Notes
Turn   | Place    | Note
-------+----------+-------------------------------------------
     0 | D:1      | varam the Deep Elf Conjurer began the quest for the Orb.
     0 | D:1      | Reached XP level 1. HP: 10/10 MP: 6/6
    93 | D:1      | Reached XP level 2. HP: 15/15 MP: 5/8
   127 | D:1      | Reached skill level 5 in Conjurations
   523 | D:1      | Reached XP level 3. HP: 19/19 MP: 5/9
   851 | D:2      | Found a snail-covered altar of Cheibriados.
  1165 | D:3      | Found an ornate altar of the Wu Jian Council.
  1165 | D:3      | Found an ancient bone altar of Kikubaaqudgha.
  1205 | D:3      | Reached skill level 6 in Conjurations
  1281 | D:3      | Noticed rlgrobin's ghost (amateur OgBe)
  1378 | D:3      | Learned a level 2 spell: Searing Ray
  1466 | D:3      | Learned a level 3 spell: Dazzling Spray
  1569 | D:3      | Reached XP level 4. HP: 24/24 MP: 3/10
  2171 | D:4      | Slain by an orc wizard

Vault maps used:
D:1:      ldierk_water_garden
D:2:      lemuel_doored_altar
D:3:      gammafunk_temple_overflow_wave, minivault_24, minmay_cupped
D:4:      grunt_temple_overflow_cloverleaf, marbit_many_paths, first_ration,
          gup_sewer_entry_pipe, corexii_leaking_fountain

Skill      XL: |  1  2  3 |
---------------+----------+-----
Conjurations   | 5 6 |  6.9
Dodging        | |  2.4
Stealth        | |  2.4
Spellcasting   | |  3.0

Action                   |  1- 3 |  4- 6 || total
-------------------------+-------+-------++-------
Melee: Flail             |       |     3 ||     3
 Cast: Magic Dart        |    87 |    17 ||   104
       Dazzling Spray    |     1 |     4 ||     5
       Searing Ray       |     1 |     2 ||     3
  Use: Scroll            |     2 |     3 ||     5
  Eat: Chunk             |     2 |     2 ||     4
Armor: Robe              |     1 |       ||     1
Dodge: Dodged            |     7 |     4 ||    11

Table legend:
 A = Spawn XP
 B = Non-spawn XP
 C = Spawn XP percentage of total XP
 D = Spawn monster count
 E = Non-spawn monster count
 F = Spawn count percentage of total count
 G = Total turns spent on level
                    A         B        C        D         E        F      G
               +---------+---------+-------+---------+---------+-------+---------
         Total |       0 |     183 |   0.0 |       0 |      56 |   0.0 |  2171
               +---------+---------+-------+---------+---------+-------+---------
           D:1 |       0 |      45 |   0.0 |       0 |      25 |   0.0 |   676
           D:2 |       0 |       8 |   0.0 |       0 |       6 |   0.0 |   374
           D:3 |       0 |     113 |   0.0 |       0 |      23 |   0.0 |  1058
           D:4 |       0 |      17 |   0.0 |       0 |       2 |   0.0 |    63
               +---------+---------+-------+---------+---------+-------+---------
